 Dungeon Crawl Stone Soup version 0.30-a0-578-gdee14c521f (webtiles) character file.

Game seed: 8200561733918071241

53 Sabo the Covered (level 3, -3/23 HPs)
             Began as a Gargoyle Fighter on Dec 31, 2022.
             Slain by a gnoll
             ... wielding a +2 halberd of flaming
              (8 damage)
             ... on level 2 of the Dungeon.
             The game lasted 00:05:43 (1239 turns).

Sabo the Covered (Gargoyle Fighter)                 Turns: 1239, Time: 00:05:43

Health: -3/23      AC: 11    Str: 21    XL:     3   Next: 89%
Magic:  3/3        EV:  9    Int:  8    God:
Gold:   44         SH:  4    Dex:  9    Spells: 2/2 levels left

rFire   . . .      SeeInvis +    a - +0 war axe
rCold   . . .      Faith    .    c - +0 buckler
rNeg    + . .      Spirit   .    b - +0 scale mail
rPois   ∞          Reflect  .    (no helmet)
rElec   +          Harm     .    (no cloak)
rCorr   .          Rampage  .    m - +0 pair of gloves
Will    .....                    (no boots) Stlth
                                 (no amulet)
HPRegen 0.23/turn                n - ring of flight
MPRegen 0.08/turn                j - ring of see invisible

@: flying
A: sickness immunity, AC +3, negative energy resistance 1, electricity
resistance, torment resistance 1, petrification resistance
a: no special abilities


You were on level 2 of the Dungeon.
You visited 1 branch of the dungeon, and saw 2 of its levels.

You collected 44 gold pieces.

Inventory:

Hand Weapons
 a - a +0 war axe (weapon)
 g - a +0 sling
Missiles
 i - 6 boomerangs of dispersal (quivered)
 q - 5 poisoned darts
Armour
 b - a +0 scale mail (worn)
 c - a +0 buckler (worn)
 m - a +0 pair of gloves (worn)
Jewellery
 e - a ring of resist corrosion
 j - a ring of see invisible (right hand)
 n - a ring of flight (left hand)
Scrolls
 h - a scroll of identify {unknown}
 l - a scroll of fog {unknown}
 o - a scroll of magic mapping {unknown}
Potions
 d - a potion of might
 f - a potion of degeneration {unknown}
 k - a potion of curing


   Skills:
 + Level 3.6 Fighting
 + Level 2.4 Axes
 + Level 4.0 Armour
 + Level 0.2 Dodging
 + Level 3.7 Shields


You had 2 spell levels left.
You didn't know any spells.
Your spell library contained the following spells:

 Spells                   Type           Power      Damage    Failure   Level
 Gell's Gravitas          Tloc           0%         N/A       99%         3
 Lesser Beckoning         Tloc           0%         N/A       99%         3
 Teleport Other           Tloc           0%         N/A       99%         3


Dungeon Overview and Level Annotations

Branches:
Dungeon (2/15)

Altars:
Wu Jian


Innate Abilities, Weirdness & Mutations

You are immune to sickness and miasma.
Your stone body is resilient. (AC +3)
You are immune to poison.
You resist negative energy. (rN+)
You are resistant to electric shocks. (rElec)
You are resistant to unholy torment.
You are immune to petrification.


Message History

The gnoll hits you but does no damage.
The hobgoblin hits you with a +0 dagger.
Throw: 2 javelins
Press: ? - help, Q - select action, (/) - cycle Shift-Dir - straight line, f - hobgoblin
Aim: a hobgoblin, wielding a +0 dagger (54% to hit)
You throw a javelin.
The javelin pierces through the hobgoblin!
You kill the hobgoblin!
The javelin pierces through the gnoll but does no damage.
The javelin pierces through the gnoll.
The gnoll is lightly wounded.
The javelin barely misses the gnoll.
The javelin pierces through the gnoll!
The gnoll is heavily wounded.
The gnoll barely misses you.
Throw: javelin
Press: ? - help, Q - select action, (/) - cycle Shift-Dir - straight line, f - gnoll
Aim: a gnoll, wielding a +0 spear (58% to hit)
You throw a javelin. The javelin barely misses the gnoll.
The javelin pierces through the gnoll.
The gnoll is moderately wounded.
The javelin pierces through the gnoll.
The gnoll is lightly wounded.
The javelin barely misses the gnoll.
The gnoll hits you from afar with a +0 spear.
The gnoll misses you.
The gnoll hits you but does no damage. x2
Things that are here:
a +0 dagger; a hobgoblin corpse You hit the gnoll.
The gnoll is lightly wounded.
The gnoll completely misses you. The gnoll hits you but does no damage.
You slash the gnoll!
You kill the gnoll!
The gnoll hits you from afar with a +0 spear.
The gnoll hits you but does no damage.
Your Armour skill increases to level 4!
The gnoll hits you with a +0 spear.
* * * LOW HITPOINT WARNING * * *
The gnoll hits you from afar with a +2 halberd of flaming!
You die...

.# #.######## #.# .# #.#
###########.# .# #.#
#...........# .# #.#
#.########### .# #.# #.#
.#######.# #.# ####
...#...#.# #.# .....
.........# #)# .....
.#.#†[.### #@#......
.#.#...#.#######g#......
.#.............gg.......
.##########..###...###..
.. .. .#G#...#G# .#
###(..### . ............
#....._......
#............


You could see 3 gnolls.

Vanquished Creatures
  2 gnolls
  A dart slug (D:1)
  4 ball pythons
  A bat (D:2)
  An endoplasm (D:1)
  3 goblins
  10 hobgoblins
  2 frilled lizards (D:1)
  2 kobolds
  4 rats (D:1)
30 creatures vanquished.

Notes
Turn   | Place    | Note
-------+----------+-------------------------------------------
     0 | D:1      | Sabo the Gargoyle Fighter began the quest for the Orb.
     0 | D:1      | Reached XP level 1. HP: 14/14 MP: 1/1
   197 | D:1      | Reached XP level 2. HP: 19/19 MP: 2/2
   446 | D:1      | Reached XP level 3. HP: 23/23 MP: 3/3
  1066 | D:2      | Found an ornate altar of the Wu Jian Council.
  1220 | D:2      | Found a faded altar of an unknown god.
  1223 | D:2      | Noticed an eye of devastation
  1225 | D:2      | Noticed a golden eye
  1225 | D:2      | Noticed a golden eye
  1225 | D:2      | Noticed an eye of devastation
  1239 | D:2      | Reached skill level 4 in Armour
  1239 | D:2      | Slain by a gnoll

Illustrated notes

Levels and vault maps discovered:
D:1:      psy_arrival_conway, layout_basic
D:2:      layout_basic, hellmonk_ecumenical_altar_watching_god, basic_altar

Skill      XL: |  1  2  3 |
---------------+----------+-----
Axes           | 2 |  2.4
Armour         | 4 |  4.0
Fighting       | |  3.6
Dodging        | |  0.2
Shields        | |  3.7

Action                   || total
-------------------------++-------
Melee: War axe           ||    77
Throw: Javelin           ||     2
Armor: Scale mail        ||    39
Dodge: Dodged            ||    43
Block: Buckler           ||    15

Table legend: (Time is in decaauts)
 A = Elapsed time spent in this place.
 B = Non-inter-level travel time spent in this place.
 C = Inter-level travel time spent in this place.
 D = Time resting spent in this place.
 E = Time spent auto-exploring this place.
 F = Levels seen in this place.
 G = Mean time per level.
                   A        B        C        D        E       F      G
               +--------+--------+--------+--------+--------+-----+--------+
         Total |   1273 |   1273 |      0 |    159 |      0 |   2 |  636.5 |
       Dungeon |   1273 |   1273 |      0 |    159 |      0 |   2 |  636.5 |
               +--------+--------+--------+--------+--------+-----+--------+

Top non-repeatable levels by time:
     D:1: 963 daAuts
     D:2: 310 daAuts
